 Dungeon Crawl Stone Soup version 0.30-a0-149-g7f746667c4 (webtiles) character file.

Game seed: 14267375091168459152

88107 ytrimaz the Zephyrmancer (level 15, -3/110 HPs)
             Began as an Octopode Transmuter on Sept 26, 2022.
             Was an Elder of Ashenzari.
             Slain by a deep elf archer
             ... wielding a +0 dagger
              (6 damage)
             ... on level 2 of the Elven Halls.
             The game lasted 00:41:39 (20679 turns).

ytrimaz the Zephyrmancer (Octopode Transmuter)     Turns: 20679, Time: 00:41:40

Health: -3/110     AC: 18    Str: 11    XL:     15   Next: 92%
Magic:  24/33      EV: 28    Int: 28    God:    Ashenzari [****..]
Gold:   2254       SH:  0    Dex: 12    Spells: 15/43 levels left

rFire   + . .      SeeInvis +      - Unarmed
rCold   + + .      Faith    .    (shield currently unavailable)
rNeg    + . .      Spirit   .    (helmet currently unavailable)
rPois   ∞          Reflect  .    l - amulet "Mantic Stoicism" {Regen+, Self, Melee} (curse)
rElec   +          Harm     .    d - ring "Share My Awkwardness" {rF+, Cun, Alch} (curse)
rCorr   .          Rampage  .    a - ring "Eternal Disgust" {EV+4, Melee, Evo} (curse)
Will    +....      Clarity  +    k - ring of the Ensconced Portent {rC+, Elem, Cun} (curse)
Stlth   +.........               t - ring "Bound Chagrin" {rN+, Melee, Alch} (curse)
HPRegen 1.08/turn                i - ring of Supernal Gnosis {Slay+4, Comp, Bglg} (curse)
MPRegen 0.23/turn                r - ring of Supernal Gnosis {Fly, Comp, Alch} (curse)
                                 G - +6 ring of intelligence
                                 s - ring of the Elysian Sage {rC+, Elem, Alch} (curse)

@: storm-form, wereblooded, flying
A: cleaving, insubstantial, flying, almost no armour, amphibious, 8 rings,
(camouflage 1), (gelatinous body 1), (nimble swimmer 1), (tentacles), (tentacle
spike 1), MP-powered wands
a: Blinkbolt, End Transformation, Renounce Religion, Shatter the Chains


You were on level 2 of the Elven Halls.
You worshipped Ashenzari.
Ashenzari was greatly pleased with you.
You were a lightning-filled tempest!
You visited 6 branches of the dungeon, and saw 22 of its levels.
You visited 1 bazaar.
You also visited: Ice Cave.

You collected 2404 gold pieces.
You spent 150 gold pieces at shops.


Innate Abilities, Weirdness & Mutations

You are a lightning-filled tempest!
Your electrical attacks strike out in all directions at once.
You are incredibly evasive.
Your insubstantial body is immune to petrification, constriction, and being set on fire You are flying.
You are immune to poison.
Your armour is entirely melded.
You are incapable of wielding weapons or throwing items.
You cannot wear most types of armour.
You are amphibious.
You can wear up to eight rings at the same time.
((Your skin changes colour to match your surroundings (Stealth+).))
((Your rubbery body absorbs attacks. (AC +1, EV +1)))
((You are camouflaged when in or above water. (Stealth+)))
((You have tentacles for arms and can constrict up to eight enemies at once.))
((One of your tentacles bears a spike.))
You expend magic power (3 MP) to strengthen your wands.


   Skills:
 - Level 11.0(13.0) Fighting
 + Level 7.4(10.4) Dodging
 - Level 6.1(10.0) Unarmed Combat
 + Level 12.9(14.7) Spellcasting
 - Level 13.9(18.6) Transmutations
 - Level 4.0(6.7) Ice Magic
 - Level 14.1(17.0) Air Magic
 - Level 4.0(8.2) Poison Magic


You had 15 spell levels left.
You knew the following spells:

 Your Spells              Type           Power      Damage    Failure   Level
a - Ice Form              Ice/Tmut       75%        N/A       1%          4
b - Wereblood             Tmut           90%        N/A       0%          2
c - Conjure Ball Lightni  Conj/Air       31%        3x3d10    11%         6
d - Storm Form            Tmut/Air       44%        N/A       1%          7
e - Arcjolt               Conj/Air       31%        1d41      1%          5
f - Beastly Appendage     Tmut           100%       N/A       0%          1
g - Spider Form           Tmut/Pois      77%        N/A       1%          3

Your spell library contained the following spells:

 Spells                   Type           Power      Damage    Failure   Level
 Summon Small Mammal      Summ           88%        N/A       1%          1
 Cigotuvi's Dreadful Rot  Necr/Pois/Air  100%       N/A       1%          2
 Ensorcelled Hibernation  Hex/Ice        80%        N/A       1%          2
 Airstrike                Air            43%        2d(7-23)  1%          4
 Summon Lightning Spire   Summ/Air       62%        N/A       1%          4
 Lightning Bolt           Conj/Air       31%        1d48      1%          5
 Silence                  Hex/Air        31%        N/A       1%          5
 Magic Dart               Conj           88%        1d7       2%          1
 Slow                     Hex            88%        N/A       2%          1
 Blink                    Tloc           44%        N/A       3%          2
 Searing Ray              Conj           44%        2d6       3%          2
 Call Canine Familiar     Summ           22%        N/A       6%          3
 Stone Arrow              Conj/Erth      44%        3d9       6%          3
 Summon Guardian Golem    Hex/Summ       22%        N/A       6%          3
 Vampiric Draining        Necr           22%        2d7       6%          3
 Confusing Touch          Hex            22%        N/A       7%          3
 Lesser Beckoning         Tloc           22%        N/A       7%          3
 Anguish                  Hex/Necr       11%        N/A       22%         4
 Flame Wave               Conj/Fire      22%        2d8       22%         4
 Fulminant Prism          Conj/Hex       11%        3d9       22%         4
 Manifold Assault         Tloc           22%        N/A       22%         4
 Summon Forest            Summ/Tloc      11%        N/A       52%         5

Inventory:

Missiles
 I - a throwing net
Jewellery
 a - the cursed ring "Eternal Disgust" (right tentacle) {EV+4, Melee, Evo}
   (You found it on level 2 of the Dungeon)

   [ring of evasion]

   EV:        It affects your evasion (+4).
   It has a curse which improves the following skills: Melee Combat: Short
   Blades, Long Blades, Axes, Maces & Flails, Polearms, Staves and Unarmed
   Combat.
   Evocations: Evocations.
 d - the cursed ring "Share My Awkwardness" (left tentacle) {rF+, Cun, Alch}
   (You found it on level 1 of the Dungeon)

   [ring of protection from fire]

   rF:        It protects you from fire.
   It has a curse which improves the following skills: Cunning: Dodging and
   Stealth.
   Alchemy:   Poison Magic and Transmutations.
 i - the cursed ring of Supernal Gnosis (on tentacle) {Slay+4, Comp, Bglg}
   (You found it on level 7 of the Dungeon)

   [ring of slaying]

   Slay:      It affects your accuracy & damage with ranged weapons and melee
   (+4).
   It has a curse which improves the following skills: Companions: Summonings
   and Necromancy.
   Beguiling: Conjurations, Hexes and Translocations.
 k - the cursed ring of the Ensconced Portent (on tentacle) {rC+, Elem, Cun}
   (You found it on level 3 of the Dungeon)

   [ring of protection from cold]

   rC:        It protects you from cold.
   It has a curse which improves the following skills: Elements: Fire Magic, Ice
   Magic, Air Magic and Earth Magic.
   Cunning:   Dodging and Stealth.
 l - the cursed amulet "Mantic Stoicism" (around neck) {Regen+, Self, Melee}
   (You found it on level 2 of the Dungeon)

   [amulet of regeneration]

   Regen:     It increases your rate of health regeneration.
   It has a curse which improves the following skills: Introspection: Fighting
   and Spellcasting.
   Melee Combat: Short Blades, Long Blades, Axes, Maces & Flails, Polearms,
   Staves and Unarmed Combat.
 r - the cursed ring of Supernal Gnosis (on tentacle) {Fly, Comp, Alch}
   (You found it on level 6 of the Dungeon)

   [ring of flight]

   Fly:       It grants you flight.
   It has a curse which improves the following skills: Companions: Summonings
   and Necromancy.
   Alchemy:   Poison Magic and Transmutations.
 s - the cursed ring of the Elysian Sage (on tentacle) {rC+, Elem, Alch}
   (You bought it in a shop in a bazaar)

   [ring of protection from cold]

   rC:        It protects you from cold.
   It has a curse which improves the following skills: Elements: Fire Magic, Ice
   Magic, Air Magic and Earth Magic.
   Alchemy:   Poison Magic and Transmutations.
 t - the cursed ring "Bound Chagrin" (on tentacle) {rN+, Melee, Alch}
   (You found it on level 5 of the Dungeon)

   [ring of positive energy]

   rN:        It protects you from negative energy.
   It has a curse which improves the following skills: Melee Combat: Short
   Blades, Long Blades, Axes, Maces & Flails, Polearms, Staves and Unarmed
   Combat.
   Alchemy:   Poison Magic and Transmutations.
 x - an amulet of magic regeneration
   (You found it on level 7 of the Dungeon)
 D - a ring of ice
   (You took it off Fannar on level 11 of the Dungeon)
 G - a +6 ring of intelligence (on tentacle)
   (You found it on level 2 of the Lair of Beasts)
 K - an amulet of guardian spirit
   (You found it on level 4 of the Lair of Beasts)
Wands
 f - a wand of light (6)
   (You took it off Natasha on level 3 of the Dungeon)
 j - a wand of paralysis (50)
   (You found it on level 3 of the Dungeon)
 y - a wand of polymorph (2)
   (You found it on level 8 of the Dungeon)
 F - a wand of iceblast (11)
   (You found it on level 11 of the Dungeon)
 J - a wand of flame (7)
   (You found it on level 4 of the Lair of Beasts)
 L - a wand of digging (4)
   (You found it on level 4 of the Lair of Beasts)
Scrolls
 c - 8 scrolls of enchant weapon
 e - 2 scrolls of fog
 h - 5 scrolls of vulnerability
 m - 4 scrolls of immolation
 n - 2 scrolls of magic mapping
 o - a scroll of enchant armour
 p - a scroll of blinking
 z - 5 scrolls of teleportation
 A - a scroll of brand weapon
 E - 3 scrolls of silence
Potions
 b - 6 potions of flight
 g - a potion of attraction
 q - 3 potions of ambrosia
 u - 6 potions of mutation
 v - 11 potions of curing
 w - 2 potions of resistance
 B - a potion of cancellation
 C - a potion of heal wounds
Miscellaneous
 M - a phantom mirror
   (You found it on level 5 of the Lair of Beasts)

Dungeon Overview and Level Annotations

Branches:
Dungeon (11/15) Zot: 25684  Temple (1/1) D:5 Zot: 5802    Lair (5/5) D:11 Zot: 23728
  Swamp (0/4) Lair:3       Spider (1/4) Lair:2 Zot: 5998   Slime (0/5) Lair:5
    Orc (2/2) D:11 Zot: 10846     Elf (2/3) Orc:2 Zot: 10366   IceCv (visited)

Altars:
Ashenzari
Cheibriados
Dithmenos
Elyvilon
Fedhas
Gozag
Hepliaklqana
Kikubaaqudgha
Makhleb
Nemelex Xobeh
Okawaru
Qazlal
Ru
Sif Muna
Trog
Uskayaw
Vehumet
Wu Jian
Xom
Yredelemnul
Zin
The Shining One
Jiyva

Shops:
D:3 ***:   D:4 [   D:6 *   D:8 *   D:10 :   Orc:2 (*?[

Annotations:
D:3 1 runed translucent door, Crazy Yiuf
D:5 1 runed translucent door, ravioli's ghost, novice MiFi
D:8 3 runed translucent doors, ytrimaz's ghost, novice OpTm
Lair:5 exclusion: 2 oklob plants

....<).# ###......##
.......########........#
....>.)########.#..∩...#
.......'..)))'.........#
.<)....#######....(....#
.......######........#.#
###'#### #...8[<)##.#
###.### ##.)e.......#
##)## ####..v..#####
##.## ####'#...## *##.##
###.##)### *#.#
##.###.## , #+#
#.####)## + +#####.## *
, , ∆ ##§##* *,, , ,,
#..e..# , ,,,, ,*
#.§...#*


You could see a deep elf archer (empowered, repels missiles) and a deep elf high
priest (brilliance aura).


Message History

* * * LOW HITPOINT WARNING * * *
The deep elf zephyrmancer casts a spell.
The deep elf zephyrmancer blinks!
The deep elf knight hits you but does no damage. 😨 HP[-8]
You take 8 damage, and now have 31/110 hp.
You are too injured to fight recklessly!
Unknown command.
You blast the deep elf knight!!!
You feel a bit better.
You kill the deep elf knight!
The deep elf zephyrmancer gestures wildly while chanting.
The deep elf zephyrmancer blinks! 😨 HP[+4]
You regained 4 hp, and now have 35/110 hp.
You are too injured to fight recklessly!
You bellow as the wereblood boils in your veins!
The deep elf archer shoots an arrow.
The arrow completely misses you.
The arrow hits the deep elf zephyrmancer!
The deep elf zephyrmancer dies!
The deep elf zephyrmancer gestures wildly while chanting.
The deep elf zephyrmancer blinks!
Things that are here:
a +0 short sword; a +0 shortbow Unknown command. 😨 HP[+1] Unknown command.
The deep elf archer unwields a +0 shortbow.
The deep elf archer wields a +0 dagger.
The deep elf archer closely misses you.
The deep elf archer casts a spell.
The deep elf archer blinks!
The deep elf high priest mumbles some strange prayers.
The deep elf high priest utters an invocation to its god.
The deep elf high priest begins emitting a brilliant aura!
The deep elf archer is empowered by the deep elf high priest's aura!
The deep elf zephyrmancer is empowered by the deep elf high priest's aura! 😨 HP[+1] MP[+1] Unknown command.
You hit the deep elf archer.
The deep elf archer mumbles some strange words.
The deep elf archer blinks! 😨 HP[+1] Unknown command.
The deep elf archer attacks as you move away!
The deep elf archer hits you with a +0 dagger!
* * * LOW HITPOINT WARNING * * *
The deep elf high priest completely misses you.
The deep elf zephyrmancer gestures wildly while chanting.
The deep elf zephyrmancer blinks!
The deep elf archer shoots an arrow.
The arrow barely misses you.
The deep elf archer unwields a +0 dagger.
The deep elf archer wields a +0 shortbow.
The deep elf archer shoots an arrow.
The arrow completely misses you.
The arrow closely misses the deep elf high priest.
There is an open door here. 😨 HP[-10]
You take 10 damage, and now have 28/110 hp.
Unknown command.
You buffet the deep elf high priest!
You punch the deep elf high priest!
The deep elf high priest hits you but does no damage.
The deep elf archer shoots an arrow.
The arrow hits you.
* * * LOW HITPOINT WARNING * * *
The deep elf archer gestures wildly while chanting.
The deep elf archer blinks! 😱 HP[-2]
You take 2 damage, and now have 26/110 hp.
Unknown command.
You hit the deep elf high priest but do no damage.
The deep elf zephyrmancer gestures wildly while chanting.
The deep elf zephyrmancer blinks!
The deep elf high priest completely misses you.
The deep elf zephyrmancer gestures at you while chanting.
The bolt of lightning misses you.
The deep elf archer shoots an arrow.
The arrow completely misses you. 😱 HP[+1] Unknown command.
You buffet the deep elf high priest!
The deep elf zephyrmancer mumbles some strange words.
The deep elf zephyrmancer blinks!
The deep elf high priest completely misses you.
The deep elf archer shoots an arrow.
The arrow hits you!
* * * LOW HITPOINT WARNING * * *
😱 HP[-15]
You take 15 damage, and now have 12/110 hp.
Unknown command.
You closely miss the deep elf high priest.
The deep elf zephyrmancer casts a spell.
The deep elf zephyrmancer blinks!
The deep elf high priest calls down the wrath of its god upon you.
Something smites you!
* * * LOW HITPOINT WARNING * * *
😱 HP[-10] MP[+1]
You take 10 damage, and now have 2/110 hp.
Unknown command.
Blink to where?
Press: ? - help, Dir - move target
As you read the scroll of blinking, it crumbles to dust.
The deep elf archer unwields a +0 shortbow.
The deep elf archer wields a +0 dagger.
The deep elf archer hits you with a +0 dagger.
You die...

Skill      XL: |  1  2  3  4  5  6  7  8  9 10 11 12 13 14 15 |
---------------+----------------------------------------------+-----
Poison Magic   | 1 2 3 4 |  4.0
Ice Magic      | 1 4 |  4.0
Transmutations | 3 5 6 8 10 11 13 | 13.9
Spellcasting   | 3 5 6 8 9 10 11 12 | 12.9
Air Magic      | 1 2 6 8 11 13 14 | 14.1
Unarmed Combat | 6 |  6.1
Fighting       | 7 10 11 | 11.0
Dodging        | 7 |  7.4

Action                   |  1- 3 |  4- 6 |  7- 9 | 10-12 | 13-15 || total
-------------------------+-------+-------+-------+-------+-------++-------
Melee: Unarmed           |    93 |    82 |   244 |   568 |   643 ||  1630
       Constrict         |    19 |     7 |     6 |     4 |     2 ||    38
       Tentacles         |    12 |     4 |     4 |     4 |     5 ||    29
       Punch             |     2 |     1 |       |     6 |    41 ||    50
       Kick              |     5 |       |       |     4 |     8 ||    17
 Cast: Beastly Appendage |     4 |     1 |       |       |       ||     5
       Spider Form       |     3 |     7 |       |       |     1 ||    11
       Wereblood         |       |     2 |     4 |    14 |    15 ||    35
       Ice Form          |       |     2 |    29 |    54 |     1 ||    86
       Storm Form        |       |       |       |    12 |    58 ||    70
       Arcjolt           |       |       |       |       |     7 ||     7
       Conjure Ball Ligh |       |       |       |       |     2 ||     2
Invok: Curse Item        |       |       |     2 |     4 |     2 ||     8
 Abil: Blinkbolt         |       |       |       |       |     3 ||     3
Evoke: Wand              |       |     3 |     1 |       |       ||     4
  Use: Potion            |     1 |     4 |     6 |     2 |     5 ||    18
       Scroll            |     6 |     2 |     6 |     4 |     3 ||    21
 Stab: Sleeping          |     7 |       |     4 |       |       ||    11
       Paralysed         |       |    10 |     3 |       |       ||    13
       Distracted        |       |       |       |     1 |       ||     1
Armor: Skin              |    21 |     5 |   116 |   223 |   129 ||   494
Dodge: Dodged            |    55 |   104 |   240 |   525 |   555 ||  1479

Levels and vault maps discovered:
D:1:      wander_arrival_estate, layout_rooms,
          hellmonk_ecumenical_altar_dog_temple, minmay_misc_feat_encased,
          minivault_5, nrook_mini_backslash
D:2:      layout_loops_cross, corexii_leaking_fountain
D:3:      layout_loops_ring, chequers_temple_overflow_statue_of_worship,
          serial_shops, shop_statue, shop, nicolae_shop_hallway_stairs,
          nicolae_shop_waterfront, uniq_natasha, uniq_grinder,
          uniq_crazy_yiuf_cottage
D:4:      layout_loops_ring, serial_shops, nicolae_shop_statue_plus,
          corexii_hall_statues_l, st_stairs_6, uniq_robin, uniq_duvessa
D:5:      layout_basic, minmay_temple_entry_overgrown, gammafunk_ghost_grave,
          uniq_prince_ribbit1, uniq_pikel, uniq_menkaure
D:6:      layout_basic, nicolae_alphabet_shops, nicolae_underground_beach,
          uniq_eustachio, uniq_sigmund
D:7:      layout_basic, serial_corexii_hall, corexii_hall_statues_x,
          corexii_hall_statues_x
D:8:      layout_rooms, serial_shops, nicolae_shop_crystal,
          gammafunk_ghost_nasty_kobolds, jiyva_altar_1
D:9:      layout_stronghold
D:10:     minmay_thick_lines, layout_cave_pools, serial_shops,
          nicolae_shop_advertising_works [nicolae_subvault_shop_adworks],
          uniq_urug
D:11:     layout_small_grid, david_lair_shrubbed, erik_orc_3,
          nicolae_qazlal_style_of_elements, uniq_fannar
Temple:   nicolae_temple_bog_church
Lair:1:   layout_gridlike, fungi_pond_lemuel, serial_bayou_shore_a,
          grunt_megastairs_4, infiniplex_staircase_pool
Lair:2:   layout_regular_city, nicolae_spider_entry_tight_spaces,
          portal_ice_cave_demonic_guard, lemuel_fruit_tree, serial_bayou_shore_b
Lair:3:   layout_hall_layers, swamp_mist
Lair:4:   layout_cave_pods, chequers_serial_rivers_micro_a, worms_lemuel
Lair:5:   minmay_lair_end_enchanted_forest, layout_regular_city,
          dpeg_slime_entry_corner, minivault_11
Spider:1: layout_cave_pods
Orc:1:    layout_diamond_mine, basic_altar
Orc:2:    st_orc_town, layout_caves, minmay_orc_barracks, uniq_donald
Elf:1:    eino_elf_arrival_altar, layout_geoelf_grid, minmay_elf_annihilation,
          grunt_megastairs_1
Elf:2:    nicolae_elf_blades_crystal_corner, layout_geoelf_grid, serial_shops,
          bzr_entry_customers, uniq_asterion

Notes
Turn   | Place    | Note
-------+----------+-------------------------------------------
     0 | D:1      | ytrimaz the Octopode Transmuter began the quest for the
                  | Orb.
     0 | D:1      | Reached XP level 1. HP: 13/13 MP: 3/3
     0 | D:1      | magus.rc [v1.9.6]
   214 | D:1      | Reached skill level 1 in Poison Magic
   352 | D:1      | Found a faded altar of an unknown god.
   359 | D:1      | Reached XP level 2. HP: 16/18 MP: 5/5
   587 | D:1      | Reached skill level 1 in Ice Magic
   587 | D:1      | Reached skill level 2 in Poison Magic
   964 | D:1      | Identified 2 scrolls of acquirement
   964 | D:1      | Acquired Sif Muna's Vellum of Twisted Vapour
   967 | D:1      | You add the spells Cigotuvi's Dreadful Rot, Airstrike,
                  | Summon Lightning Spire, Arcjolt, Silence, Summon Forest and
                  | Storm Form to your library.
   983 | D:2      | Learned a level 2 spell: Wereblood
   985 | D:2      | Reached XP level 3. HP: 23/23 MP: 6/6
  1340 | D:2      | Learned a level 3 spell: Spider Form
  1458 | D:2      | You pick up a book of Callings and begin reading...
  1458 | D:2      | You add the spells Summon Small Mammal, Call Canine
                  | Familiar and Summon Guardian Golem to your library.
  1512 | D:2      | Reached skill level 3 in Poison Magic
  2098 | D:3      | Found Posadyop's Assorted Antiques.
  2225 | D:3      | Reached XP level 4. HP: 28/28 MP: 4/7
  2243 | D:3      | Noticed Grinder
  2248 | D:3      | Noticed Natasha
  2269 | D:3      | Killed Natasha
  2270 | D:3      | Reached skill level 4 in Poison Magic
  2270 | D:3      | Reached skill level 2 in Ice Magic
  2271 | D:3      | HP: 6/28 [Grinder (10)]
  2271 | D:3      | HP: 1/28 [Grinder (5)]
  2351 | D:3      | Killed Grinder
  2352 | D:3      | Reached skill level 4 in Ice Magic
  2352 | D:3      | Reached XP level 5. HP: 31/33 MP: 5/9
  2352 | D:3      | Reached XP level 6. HP: 35/38 MP: 5/10
  2487 | D:3      | Learned a level 4 spell: Ice Form
  2541 | D:3      | Found a runed translucent door.
  2542 | D:3      | Noticed Crazy Yiuf
  2660 | D:3      | Found Yjeytom's Book Shop.
  2738 | D:3      | Found Luoco's Assorted Antiques.
  2772 | D:3      | Noticed Natasha
  2781 | D:3      | Gained mutation: Your magical capacity is low. (-10% MP)
                  | [mutagenic glow]
  2782 | D:3      | Killed Natasha
  2797 | D:3      | Gained mutation: You are frail. (-10% HP) [mutagenic glow]
  2864 | D:3      | Found Reolixut's General Store.
  2915 | D:3      | Found a sparkling altar of Nemelex Xobeh.
  2919 | D:3      | Found an iron altar of Okawaru.
  2920 | D:3      | Found a bloodstained altar of Trog.
  2923 | D:3      | Noticed Natasha
  2934 | D:3      | Killed Natasha
  2935 | D:3      | Reached skill level 3 in Transmutations
  3108 | D:4      | Noticed Robin
  3131 | D:4      | Noticed Dowan
  3134 | D:4      | Reached skill level 3 in Spellcasting
  3134 | D:4      | Reached skill level 1 in Air Magic
  3136 | D:4      | Noticed Duvessa
  3214 | D:4      | Killed Duvessa
  3215 | D:4      | Reached XP level 7. HP: 21/38 MP: 6/10
  3218 | D:4      | Killed Robin
  3249 | D:4      | Killed Dowan
  3250 | D:4      | Reached skill level 2 in Air Magic
  3408 | D:4      | Found Qijaonnecy's Armour Shoppe.
  3506 | D:4      | You fall into a shaft and drop 2 floors!
  3518 | D:5      | Entered Level 5 of the Dungeon
  3523 | D:5      | Found a staircase to the Ecumenical Temple.
  3534 | Temple   | Entered the Ecumenical Temple
  3724 | Temple   | Became a worshipper of Ashenzari the Shackled
  3783 | D:5      | Reached skill level 4 in Transmutations
  3843 | D:5      | Noticed Pikel
  3852 | D:4      | HP: 10/45 [orc priest/divine providence (8)]
  4450 | D:5      | HP: 9/38 [lemure[Pikel] (1)]
  4450 | D:5      | HP: 1/38 [lemure[Pikel] (4)]
  4504 | D:4      | Killed Pikel
  4505 | D:4      | Reached skill level 5 in Spellcasting
  4505 | D:4      | Reached skill level 5 in Transmutations
  4505 | D:4      | Reached XP level 8. HP: 27/43 MP: 4/14
  4657 | D:5      | Found a runed translucent door.
  4657 | D:5      | Noticed ravioli's ghost (novice MiFi)
  4680 | D:5      | HP: 9/51 [orc warrior/+0 glaive (19)]
  4777 | D:5      | Noticed Prince Ribbit
  4789 | D:4      | Killed Prince Ribbit
  4790 | D:4      | Reached skill level 6 in Transmutations
  4843 | D:5      | Noticed a troll
  4875 | D:5      | Lost mutation: You are frail. (-10% HP) [potion of
                  | mutation]
  4875 | D:5      | Lost mutation: Your magical capacity is low. (-10% MP)
                  | [potion of mutation]
  4875 | D:5      | Gained mutation: You are dopey. (Int -2) [potion of
                  | mutation]
  4875 | D:5      | Lost mutation: You are dopey. (Int -2) [potion of mutation]
  4875 | D:5      | Gained mutation: You expend magic power (3 MP) to
                  | strengthen your wands. [potion of mutation]
  4875 | D:5      | Gained mutation: One of your tentacles bears a spike.
                  | [potion of mutation]
  4877 | D:5      | HP: 11/57 [orc warrior/+0 glaive (11)]
  4884 | D:5      | Reached skill level 6 in Spellcasting
  4898 | D:5      | HP: 17/72 [ice beast (4)]
  4900 | D:5      | Reached XP level 9. HP: 21/53 MP: 18/18
  4928 | D:5      | HP: 12/53 [ice beast (7)]
  5163 | D:5      | Noticed Menkaure
  5179 | D:5      | HP: 15/63 [??? (10)]
  5183 | D:5      | Killed Menkaure
  5184 | D:5      | Reached skill level 7 in Transmutations
  5536 | D:6      | Noticed Sigmund
  5550 | D:6      | Killed Sigmund
  5711 | D:6      | Found Fehill's Fabulous Fripperies.
  5743 | D:6      | Reached skill level 7 in Spellcasting
  5761 | D:6      | HP: 10/53 [orc priest/divine providence (13)]
  5931 | D:6      | Noticed Eustachio
  5948 | D:6      | Killed Eustachio
  5949 | D:6      | Reached skill level 8 in Transmutations
  6113 | D:6      | You pick up a book of Conjurations and begin reading...
  6113 | D:6      | You add the spells Magic Dart, Searing Ray and Fulminant
                  | Prism to your library.
  6470 | D:7      | Reached * piety under Ashenzari
  6539 | D:7      | Reached skill level 8 in Spellcasting
  6754 | D:7      | Reached XP level 10. HP: 58/58 MP: 22/22
  6799 | D:7      | Reached skill level 9 in Transmutations
  7130 | D:8      | Found Edwukocs's Assorted Antiques.
  7235 | D:8      | Reached skill level 4 in Unarmed Combat
  7261 | D:8      | Found a runed translucent gate.
  7261 | D:8      | Found a runed translucent gate.
  7262 | D:8      | Found a runed translucent gate.
  7262 | D:8      | Noticed ytrimaz's ghost (novice OpTm)
  7412 | D:8      | Found a viscous altar of Jiyva.
  7854 | D:9      | Learned a level 7 spell: Storm Form
  7890 | D:9      | Reached skill level 5 in Unarmed Combat
  7958 | D:9      | Reached skill level 9 in Spellcasting
  8097 | D:9      | Reached ** piety under Ashenzari
  8491 | D:9      | Reached skill level 10 in Transmutations
  8683 | D:10     | Entered Level 10 of the Dungeon
  8738 | D:10     | Reached skill level 6 in Unarmed Combat
  8740 | D:10     | Reached XP level 11. HP: 47/63 MP: 20/24
  8780 | D:10     | Found Adeah's Book Shoppe.
  8824 | D:10     | Reached skill level 3 in Air Magic
  8884 | D:10     | HP: 17/75 [yak (12)]
  8885 | D:10     | HP: 7/75 [yak (11)]
  9166 | D:10     | Noticed a two-headed ogre
  9175 | D:10     | Killed a two-headed ogre
  9176 | D:10     | Reached skill level 4 in Air Magic
  9310 | D:10     | Reached skill level 10 in Spellcasting
  9330 | D:10     | Noticed Urug
  9349 | D:10     | Killed Urug
  9350 | D:10     | Reached skill level 11 in Transmutations
  9567 | D:10     | Noticed a deep elf pyromancer
  9574 | D:10     | Killed a deep elf pyromancer
  9575 | D:10     | Reached skill level 5 in Air Magic
  9895 | D:11     | Noticed a two-headed ogre
 10145 | D:11     | Noticed a cyclops
 10167 | D:11     | Killed a cyclops
 10199 | D:11     | Reached skill level 6 in Air Magic
 10209 | D:11     | Found a staircase to the Orcish Mines.
 10301 | D:11     | Noticed Fannar
 10328 | D:11     | Killed Fannar
 10329 | D:11     | Reached XP level 12. HP: 49/68 MP: 24/26
 10394 | D:11     | HP: 18/81 [killer bee (7)]
 10399 | D:10     | HP: 11/81 [poisoned by a killer bee]
 10642 | D:11     | Reached skill level 11 in Spellcasting
 10670 | D:11     | Killed a two-headed ogre
 10695 | D:11     | Found a stormy altar of Qazlal.
 10890 | D:11     | Found a staircase to the Lair.
 11131 | D:11     | Reached skill level 12 in Transmutations
 11131 | D:11     | Reached skill level 7 in Air Magic
 11194 | Lair:1   | Entered Level 1 of the Lair of Beasts
 11331 | Lair:1   | You pick up a book of Dreams and begin reading...
 11331 | Lair:1   | You add the spells Ensorcelled Hibernation and Anguish to
                  | your library.
 11621 | Lair:1   | Reached *** piety under Ashenzari
 11912 | Lair:1   | Acquired 742 gold pieces
 12004 | Lair:1   | Reached skill level 8 in Air Magic
 12491 | Lair:2   | Reached skill level 13 in Transmutations
 12581 | Lair:2   | Found a frozen archway.
 12600 | IceCv    | Entered an ice cave
 12811 | Lair:2   | Found a hole to the Spider Nest.
 12881 | Lair:2   | Reached XP level 13. HP: 49/74 MP: 17/29
 13453 | Lair:2   | Reached skill level 2 in Fighting
 13454 | Lair:2   | Reached skill level 9 in Air Magic
 13716 | Spider:1 | Entered Level 1 of the Spider Nest
 13759 | Lair:3   | HP: 13/79 [death yak (17)]
 13771 | Lair:3   | Reached skill level 3 in Fighting
 13783 | Lair:3   | Reached skill level 4 in Fighting
 13881 | Lair:3   | Reached skill level 5 in Fighting
 13881 | Lair:3   | Reached skill level 10 in Air Magic
 14048 | Lair:3   | You pick up a book of Storms and begin reading...
 14161 | Lair:3   | Found a staircase to the Swamp.
 14291 | Lair:3   | Reached skill level 6 in Fighting
 14724 | Lair:4   | Reached **** piety under Ashenzari
 14803 | Lair:4   | You pick up a book of Debilitation and begin reading...
 14803 | Lair:4   | You add the spells Slow, Vampiric Draining and Confusing
                  | Touch to your library.
 14918 | Lair:4   | Reached skill level 11 in Air Magic
 14932 | Lair:4   | Reached skill level 7 in Fighting
 15272 | Lair:4   | Reached XP level 14. HP: 82/97 MP: 25/31
 15867 | Lair:5   | Entered Level 5 of the Lair of Beasts
 15892 | Lair:5   | Reached skill level 8 in Fighting
 15984 | Lair:5   | Reached skill level 12 in Air Magic
 16385 | Lair:5   | Found a viscous altar of Jiyva.
 16489 | Lair:5   | Reached skill level 9 in Fighting
 16849 | Lair:5   | You pick up a book of Spatial Translocations and begin
                  | reading...
 16849 | Lair:5   | You add the spells Blink, Lesser Beckoning and Manifold
                  | Assault to your library.
 17013 | Lair:5   | Reached skill level 13 in Air Magic
 17016 | Lair:5   | Reached skill level 10 in Fighting
 17132 | Lair:5   | Found a staircase to the Slime Pits.
 17647 | Orc:1    | Entered Level 1 of the Orcish Mines
 17736 | Orc:2    | Entered Level 2 of the Orcish Mines
 17736 | Orc:2    | Found a staircase to the Elven Halls.
 17803 | Orc:2    | Found Ireplan's Weapon Emporium.
 17826 | Orc:2    | Found Maqes's Assorted Antiques.
 17831 | Orc:2    | HP: 25/103 [orc priest/divine providence (14)]
 18008 | Orc:2    | Noticed Donald
 18019 | Orc:2    | HP: 5/104 [Donald/+1 scimitar of venom (24)]
 18038 | Orc:2    | Killed Donald
 18148 | Orc:2    | Found Puog's Antique Armour Shop.
 18165 | Orc:2    | Found Gauneluu's Magic Scroll Emporium.
 18302 | Orc:2    | Paralysed by an orc sorcerer for 4 turns
 18307 | Orc:2    | Reached XP level 15. HP: 105/109 MP: 27/32
 18625 | Orc:2    | Reached skill level 11 in Fighting
 18773 | Orc:2    | Learned a level 5 spell: Arcjolt
 18845 | Elf:1    | Entered Level 1 of the Elven Halls
 18913 | Elf:1    | Found a radiant altar of Vehumet.
 18930 | Elf:1    | Reached skill level 14 in Air Magic
 18931 | Elf:1    | Reached skill level 3 in Dodging
 19114 | Elf:1    | Reached skill level 4 in Dodging
 19165 | Elf:1    | Identified Vehumet's Parchment of Arcane Weapons
 19179 | Elf:1    | You add the spells Stone Arrow, Flame Wave and Conjure Ball
                  | Lightning to your library.
 19393 | Elf:1    | Reached skill level 5 in Dodging
 19394 | Elf:1    | Reached skill level 12 in Spellcasting
 19693 | Elf:1    | Reached skill level 6 in Dodging
 20168 | Elf:2    | Found a flickering gateway to a bazaar.
 20183 | Bazaar   | Entered a bazaar
 20206 | Bazaar   | Found Najilemo's Jewellery Boutique.
 20224 | Bazaar   | Found Kisyuqy's Antique Weapon Shoppe.
 20242 | Bazaar   | Found Ymupu's Book Boutique.
 20259 | Bazaar   | Found Nyifif's Antique Weapon Emporium.
 20332 | Bazaar   | Bought a ring of protection from cold for 150 gold pieces
 20399 | Elf:2    | Reached skill level 7 in Dodging
 20420 | Elf:2    | Learned a level 6 spell: Conjure Ball Lightning
 20674 | Elf:2    | HP: 27/110 [deep elf archer/+0 dagger (11)]
 20677 | Elf:2    | HP: 12/110 [deep elf archer/arrow (16)]
 20678 | Elf:2    | HP: 2/110 [deep elf high priest/divine providence (10)]
 20679 | Elf:2    | Slain by a deep elf archer

Vanquished Creatures
  Donald (Orc:2)
  A deep elf annihilator (Elf:1)
  Fannar (D:11)
  4 hydras
  2 two-headed ogres
  6 dancing weapons
  9 death yaks
  8 orc high priests
  Urug (D:10)
  A shock serpent (shapeshifter) (Elf:2)
  10 deep elf knights
  An orc knight (Orc:2)
  Pikel (D:4)
  7 deep elf archers
  12 deep elf pyromancers
  16 deep elf zephyrmancers
  A manticore (D:11)
  2 orc sorcerers (Orc:2)
  2 cyclopes (D:11)
  8 elephants
  5 black mambas
  4 rime drakes
  An unseen horror (D:10)
  13 cane toads
  7 komodo dragons
  A freezing wraith (IceCv)
  2 ice devils (Lair:2)
  5 hornets
  Grinder (D:3)
  2 trolls
  2 polar bears (Lair:5)
  9 blink frogs
  Prince Ribbit (D:4)
  8 dream sheep
  3 jumping spiders (Lair:2)
  2 culicivoras (Lair:2)
  13 spriggans (Lair:5)
  Sigmund (D:6)
  A shadow (D:11)
  A water elemental (Elf:1)
  2 air elementals (Elf:1)
  6 wyverns
  5 fire elementals
  50 yaks
  Eustachio (D:6)
  4 steam dragons
  3 basilisks
  2 vampire mosquitoes (D:10)
  Menkaure (D:5)
  A redback (Lair:2)
  A death yak simulacrum (IceCv)
  5 wargs (Orc:2)
  3 swamp worms (Lair:4)
  7 water moccasins
  2 acid dragons
  Duvessa (D:4)
  19 orc warriors
  7 black bears
  2 ice beasts
  2 sky beasts
  35 wolves
  2 ogres
  4 boggarts (Lair:5)
  8 centaurs
  A lemure (D:4)
  2 kobold brigands
  15 bullfrogs
  2 scorpions
  An earth elemental (Elf:1)
  A necrophage (D:5)
  10 wights (D:8)
  A cane toad simulacrum (IceCv)
  Dowan (D:4)
  2 elephant simulacra (IceCv)
  23 killer bees
  2 electric eels (Lair:1)
  9 howler monkeys
  3 hounds
  6 jellies
  36 orc priests
  A gnoll bouda (Orc:2)
  4 iguanas
  16 orc wizards
  Natasha (thrice) (D:3)
  Robin (D:4)
  4 gnolls (Orc:2)
  3 adders
  A shadow imp (D:6)
  2 white imps
  An ufetubus (D:4)
  3 worms
  A dart slug (D:1)
  93 orcs
  4 endoplasms
  A giant cockroach (D:4)
  13 goblins
  17 hobgoblins
  4 jackals (D:1)
  17 kobolds
  A quokka (D:3)
  5 ball pythons
  5 bats
  3 frilled lizards
  3 rats
670 creatures vanquished.

Vanquished Creatures (others)
  A deep elf zephyrmancer (Elf:2)
  A vampire (D:11)
  A fire elemental (Elf:1)
  A gnoll (Orc:2)
  3 ball lightnings (Elf:2)
  28 fungi
  57 plants
92 creatures vanquished.

Grand Total: 762 creatures vanquished

Table legend:
 A = Non-vault XP
 B = Vault XP
 C = Vault XP percentage of total XP
 D = Non-vault monster count
 E = Vault monster count
 F = Vault count percentage of total count
                 A         B        C        D         E       F
            +---------+---------+-------+---------+---------+-------
      Total |   88409 |   37459 |  29.8 |     460 |     212 |  31.5
            +---------+---------+-------+---------+---------+-------
        D:1 |      25 |       8 |  24.2 |      15 |       4 |  21.1
        D:2 |      35 |       0 |   0.0 |      13 |       0 |   0.0
        D:3 |     110 |     335 |  75.3 |      19 |       2 |   9.5
        D:4 |     350 |    1151 |  76.7 |      24 |      17 |  41.5
        D:5 |     481 |     175 |  26.7 |      12 |       1 |   7.7
        D:6 |     614 |     405 |  39.7 |      11 |       2 |  15.4
        D:7 |    1463 |       0 |   0.0 |      21 |       0 |   0.0
        D:8 |    1742 |     169 |   8.8 |      32 |       4 |  11.1
        D:9 |    1466 |       0 |   0.0 |      18 |       0 |   0.0
       D:10 |    4736 |    2415 |  33.8 |      30 |       8 |  21.1
       D:11 |    4541 |    1835 |  28.8 |      32 |      16 |  33.3
     Lair:1 |    4019 |     452 |  10.1 |      23 |       1 |   4.2
     Lair:2 |    5776 |    2012 |  25.8 |      24 |       8 |  25.0
     Lair:3 |   11505 |       0 |   0.0 |      31 |       0 |   0.0
     Lair:4 |    8078 |     465 |   5.4 |      29 |       3 |   9.4
     Lair:5 |   12989 |    7906 |  37.8 |      37 |      47 |  56.0
      Orc:1 |     194 |       0 |   0.0 |       5 |       0 |   0.0
      Orc:2 |    2341 |    9851 |  80.8 |      30 |      75 |  71.4
      Elf:1 |   17651 |    9547 |  35.1 |      38 |      17 |  30.9
      Elf:2 |   10293 |       2 |   0.0 |      16 |       2 |  11.1
      IceCv |       0 |     731 | 100.0 |       0 |       5 | 100.0
            +---------+---------+-------+---------+---------+-------

Illustrated notes

Table legend:
 A = Kills in this place as a percentage of kills in entire the game.
 B = Kills by you in this place as a percentage of kills by you in the entire game.
 C = Kills by friends in this place as a percentage of kills by friends in the entire game.
 D = Other kills in this place as a percentage of other kills in the entire game.
 E = Experience gained in this place as a percentage of experience gained in the entire game.
 F = Experience gained in this place divided by the number of levels of this place that you have seen.
                   A       B       C       D       E      F
               +-------+-------+-------+-------+-------+----------------------
         Total | 100.0 | 100.0 |   N/A | 100.0 | 100.0 | 5244.5
       Dungeon |  41.8 |  41.9 |   N/A |  33.3 |  17.5 | 2005.1
          Lair |  30.2 |  30.3 |   N/A |   0.0 |  42.3 | 10640.4
  Orcish Mines |  16.4 |  16.4 |   N/A |   0.0 |   9.8 | 6193.0
   Elven Halls |  10.9 |  10.6 |   N/A |  66.7 |  29.8 | 18746.5
      Ice Cave |   0.7 |   0.7 |   N/A |   0.0 |   0.6 | 731.0
               +-------+-------+-------+-------+-------+----------------------

Table legend: (Time is in decaauts)
 A = Elapsed time spent in this place.
 B = Non-inter-level travel time spent in this place.
 C = Inter-level travel time spent in this place.
 D = Time resting spent in this place.
 E = Time spent auto-exploring this place.
 F = Levels seen in this place.
 G = Mean time per level.
                   A        B        C        D        E       F      G
               +--------+--------+--------+--------+--------+-----+--------+
         Total |  20454 |  19698 |    756 |    805 |  14710 |  24 |  852.2 |
       Dungeon |  10963 |  10566 |    397 |    616 |   7591 |  11 |  996.6 |
        Temple |    197 |    174 |     23 |      0 |    159 |   1 |  197.0 |
          Lair |   6271 |   6023 |    248 |    160 |   4886 |   5 | 1254.2 |
   Spider Nest |      1 |      1 |      0 |      0 |      0 |   1 |    1.0 |
  Orcish Mines |   1153 |   1091 |     62 |     20 |    781 |   2 |  576.5 |
   Elven Halls |   1632 |   1606 |     26 |      9 |   1178 |   2 |  816.0 |
        Bazaar |    163 |    163 |      0 |      0 |     88 |   1 |  163.0 |
      Ice Cave |     70 |     70 |      0 |      0 |     27 |   1 |   70.0 |
               +--------+--------+--------+--------+--------+-----+--------+

Top non-repeatable levels by time:
  Lair:5: 1631 daAuts
    D:10: 1369 daAuts
   Elf:1: 1295 daAuts
  Lair:1: 1275 daAuts
     D:3: 1266 daAuts
     D:4: 1264 daAuts
  Lair:2: 1224 daAuts
  Lair:4: 1140 daAuts
    D:11: 1139 daAuts
   Orc:2: 1066 daAuts
  Lair:3: 999 daAuts
     D:1: 975 daAuts
     D:2: 947 daAuts
     D:6: 881 daAuts
     D:9: 837 daAuts
